 Dungeon Crawl Stone Soup version 0.26.1-11-gd32895ea62 (webtiles) character file.

Game seed: 4627197031199580025

16759 infcreate the Covert (level 12, -17/72 HPs)
             Began as a Vampire Necromancer on May 14, 2021.
             Was an Elder of Dithmenos.
             Demolished by a frost giant
             ... wielding a +2 battleaxe of freezing
              (33 damage)
             ... in an ice cave.
             The game lasted 00:39:57 (14377 turns).

infcreate the Covert (Vampire Necromancer)         Turns: 14377, Time: 00:39:58

Health: -17/72     AC:  8    Str:  7    XL:     12   Next: 12%
Magic:  3/23       EV: 19    Int: 19    God:    Dithmenos [****..]
Gold:   573        SH:  5    Dex: 18    Spells: 12/26 levels left

rFire    . . .     SeeInvis +   u - +3 short sword (freeze)
rCold    + + +     Faith    .   g - +0 buckler
rNeg     + + +     Spirit   .   t - +2 robe {Will+}
rPois    ∞         Reflect  .   h - +0 helmet
rElec    .         Harm     .   (no cloak)
rCorr    .         Rampage  .   (no gloves)
Will     ++...                  v - +2 pair of boots Stlth ***+++++++
                                p - amulet of magic regeneration
HPRegen  0.00/turn              Q - ring of stealth
MPRegen  0.43/turn              C - ring of protection from cold

@: bloodless, wreathed by umbra
A: fangs 3, see invisible, unbreathing
a: Bat Form, Revivify, Renounce Religion, Shadow Step


You were in an ice cave.
You worshipped Dithmenos.
Dithmenos was greatly pleased with you.
You visited 2 branches of the dungeon, and saw 12 of its levels.
You also visited: Ice Cave.

You collected 573 gold pieces.


Innate Abilities, Weirdness & Mutations

You do not regenerate when monsters are visible.
You are frail without blood (-20% HP).
You can heal yourself when you bite living creatures.
You are immune to poison.
You have razor-sharp teeth.
You have supernaturally acute eyesight. (SInv)
You can survive without breathing.


   Skills:
 + Level 7.3 Fighting
 + Level 8.4 Short Blades
 + Level 9.2 Dodging
 + Level 12.4 Stealth
 - Level 4.0 Shields
 + Level 7.7 Spellcasting
 + Level 9.8 Necromancy


You had 12 spell levels left.
You knew the following spells:

 Your Spells              Type           Power        Failure   Level
a - Animate Skeleton      Necr           88%          1%          1
d - Animate Dead          Necr           22%          1%          4
p - Pain                  Necr           100%         1%          1
v - Vampiric Draining     Necr           22%          1%          3
y - Agony                 Necr           44%          4%          5

Your spell library contained the following spells:

 Spells                   Type           Power        Failure   Level
 Magic Dart               Conj           28%          10%         1
 Blink                    Tloc           N/A          14%         2
 Call Imp                 Summ           7%           14%         2
 Slow                     Hex            7%           14%         2
 Conjure Flame            Conj/Fire      7%           28%         3
 Mephitic Cloud           Conj/Pois/Air  7%           28%         3

Inventory:

Hand Weapons
 b - a +3 dagger
 u - a +3 short sword of freezing (weapon)
Armour
 g - a +0 buckler (worn)
 h - a +0 helmet (worn)
 t - a +2 robe of willpower (worn)
 v - a +2 pair of boots (worn)
 y - a +0 troll leather armour
Jewellery
 p - an amulet of magic regeneration (around neck)
 C - a ring of protection from cold (right hand)
 E - a +4 ring of evasion
 I - a +6 ring of intelligence
 Q - a ring of stealth (left hand)
Wands
 o - a wand of digging (13)
 x - a wand of acid (15)
 z - a wand of flame (14)
Scrolls
 e - 6 scrolls of amnesia
 f - 6 scrolls of remove curse {@r2}
 i - 3 scrolls of teleportation {@r4}
 j - 5 scrolls of identify {@r1}
 l - 2 scrolls of fear
 n - 2 scrolls of blinking
Potions
 c - 4 potions of curing {@q1}
 d - 4 potions of attraction
 k - 2 potions of haste {@q3}
 q - 2 potions of ambrosia
 r - 2 potions of magic
 s - 2 potions of might
 w - 2 potions of invisibility
 A - 2 potions of brilliance {unknown}
 B - a potion of flight {unknown}

Dungeon Overview and Level Annotations

Branches:
Dungeon (11/15)            Temple (1/1) D:5            Lair (0/6) D:11
    Orc (0/2) D:10          IceCv (1/1)

Altars:
Ashenzari
Dithmenos
Fedhas
Gozag
Hepliaklqana
Makhleb
Okawaru
Qazlal
Sif Muna
Uskayaw
Vehumet
Wu Jian
Xom
Yredelemnul

Shops:
D:5 }   D:7 }

Annotations:
IceCv exclusion: ice statue

### ##.##
###...##
#.#.⌠..#
##......#
#.#.#.#.#
##@#####.#
#C## ##.#
##.####..#
##.##..##
##..#
##C##.##
#....
#.##..#
#.Y..#
##C##.##
#..hh.
#.###..##


..Chhh# ##h†###..## You could see a frost giant.


Message History

The frost giant is almost dead.
You are too injured to fight recklessly!
You hit the frost giant.
The frost giant is almost dead.
The frost giant gestures at you while chanting.
The bolt of cold hits you! You resist.
* * * LOW HITPOINT WARNING * * *
You hear an angry growl.
You hit the frost giant but do no damage.
The frost giant is almost dead.
You hit the frost giant.
The frost giant is almost dead.
The frost giant casts a spell at you. The bolt of cold hits you. You resist.
* * * LOW HITPOINT WARNING * * *
Your magical contamination has completely faded away.
You hit the frost giant.
The frost giant is almost dead.
The frost giant gestures at you while chanting.
The bolt of cold hits you! You resist.
* * * LOW HITPOINT WARNING * * *
You hit the frost giant.
The frost giant is almost dead.
Your shadow barely misses the frost giant.
You hit the frost giant but do no damage.
You bite the frost giant, but do no damage.
The frost giant is almost dead.
You hear an angry growl.
The frost giant hits you with a +2 battleaxe of freezing!!
You die...

Skill      XL: |  1  2  3  4  5  6  7  8  9 10 11 |
---------------+----------------------------------+-----
Fighting       | 1 2 3 5 6 7 |  7.3
Shields        | 1 2 3 4 |  4.0
Dodging        | 3 4 5 6 7 9 |  9.2
Stealth        | 4 5 6 7 9 10 12 | 12.4
Short Blades   | 1 2 3 4 5 7 8 |  8.4
Necromancy     | 5 6 7 8 9 |  9.8
Spellcasting   | 3 4 5 6 7 |  7.7

Action                   |  1- 3 |  4- 6 |  7- 9 | 10-12 || total
-------------------------+-------+-------+-------+-------++-------
Melee: Dagger            |    20 |    60 |   214 |       ||   294
       Bite              |     1 |     7 |    27 |    37 ||    72
       Short sword       |       |       |    60 |   269 ||   329
 Cast: Pain              |    43 |   115 |   215 |   148 ||   521
       Vampiric Draining |       |     3 |    26 |    73 ||   102
       Agony             |       |       |     2 |    23 ||    25
 Abil: Exsanguinate      |     1 |       |       |       ||     1
  Use: Scroll            |     4 |     5 |     5 |     9 ||    23
 Stab: Sleeping          |    12 |    13 |    31 |    23 ||    79
Armor: Robe              |     4 |     9 |    57 |    36 ||   106
Dodge: Dodged            |    12 |    45 |   260 |   246 ||   563
Block: Buckler           |     1 |    11 |    68 |    85 ||   165

Levels and vault maps discovered:
D:1:      minmay_arrival_plants_in_alcoves, layout_loops_ring
D:2:      layout_basic, nzn_wu_jian_council_hall, uniq_jessica
D:3:      layout_rooms, chequers_ecumenical_altar_island
D:4:      layout_basic, okawaru_gym_becter, uniq_robin
D:5:      layout_basic, lemuel_crystal_altar, minmay_temple_entry_waves,
          serial_shops, shop, grunt_ministairs_10
D:6:      layout_basic, corner_web_ring, doesnt_xom_only_xom, uniq_pikel
D:7:      layout_gridville, serial_shops, nicolae_shop_crystal,
          kennysheep_generic_room_10
D:8:      layout_basic, vehumet_altar_wand_db, old_standard_altar
D:9:      layout_gridville, serial_rivers, chequers_serial_rivers_small_3,
          chequers_serial_rivers_large_a, chequers_serial_rivers_small_3,
          chequers_serial_rivers_small_3, minmay_misc_feat_cross
D:10:     layout_rooms, orc_0_dummy, uniq_erolcha, uniq_nergalle
D:11:     layout_rooms, lair_entry_dummy, serial_ice, serial_ice_i,
          serial_ice_e, serial_ice_f, serial_ice_g,
          portal_ice_cave_entry_animals_and_master, hex_intersection,
          uniq_snorg, uniq_grum
Temple:   nicolae_temple_elliptical
IceCv:    ice_cave_caverns_02

Notes
Turn   | Place    | Note
-------+----------+-------------------------------------------
     0 | D:1      | infcreate the Vampire Necromancer began the quest for the
                  | Orb.
     0 | D:1      | Reached XP level 1. HP: 13/13 MP: 3/3
     5 | D:1      | Learned a level 1 spell: Animate Skeleton
   369 | D:1      | Reached XP level 2. HP: 16/16 MP: 1/5
   940 | D:2      | Reached XP level 3. HP: 20/20 MP: 3/6
  1005 | D:2      | Found an ornate altar of the Wu Jian Council.
  1256 | D:2      | Noticed Jessica
  1298 | D:2      | Killed Jessica
  1299 | D:2      | Reached skill level 1 in Fighting
  1299 | D:2      | Reached skill level 1 in Shields
  1365 | D:2      | Reached XP level 4. HP: 25/25 MP: 0/7
  1883 | D:3      | Reached skill level 3 in Dodging
  2008 | D:3      | Found a faded altar of an unknown god.
  2158 | D:3      | Reached skill level 4 in Stealth
  2584 | D:4      | Learned a level 3 spell: Vampiric Draining
  2664 | D:4      | Reached skill level 1 in Short Blades
  2664 | D:4      | Reached XP level 5. HP: 14/29 MP: 0/9
  2836 | D:4      | Learned a level 4 spell: Animate Dead
  3176 | D:4      | Noticed Robin
  3199 | D:4      | Killed Robin
  3614 | D:4      | Reached skill level 5 in Necromancy
  3640 | D:4      | Reached skill level 3 in Spellcasting
  3640 | D:4      | Reached XP level 6. HP: 30/35 MP: 6/10
  3927 | D:4      | Found an iron altar of Okawaru.
  4029 | D:4      | Reached skill level 2 in Fighting
  4123 | D:5      | Entered Level 5 of the Dungeon
  4176 | D:5      | Reached skill level 5 in Stealth
  4176 | D:5      | Reached skill level 2 in Shields
  4248 | D:5      | Found a blossoming altar of Fedhas.
  4331 | D:5      | Found Uvo Liem's Gadget Shop.
  4410 | D:5      | Reached skill level 2 in Short Blades
  4672 | D:5      | Found a staircase to the Ecumenical Temple.
  4690 | Temple   | Entered the Ecumenical Temple
  4709 | Temple   | Became a worshipper of Dithmenos the Shadowed
  5166 | D:5      | Reached XP level 7. HP: 40/40 MP: 5/11
  5334 | D:5      | Reached skill level 4 in Dodging
  6809 | D:6      | Found a shimmering blue altar of Sif Muna.
  6831 | D:6      | Reached skill level 6 in Stealth
  6899 | D:6      | Reached * piety under Dithmenos
  7010 | D:6      | Reached skill level 3 in Short Blades
  7034 | D:6      | Reached XP level 8. HP: 39/45 MP: 10/13
  7163 | D:6      | Found a shimmering altar of Xom.
  7163 | D:6      | Found a burning altar of Makhleb.
  7165 | D:6      | Found a basalt altar of Yredelemnul.
  7165 | D:6      | Found a stormy altar of Qazlal.
  7165 | D:6      | Found an ornate altar of the Wu Jian Council.
  7198 | D:6      | Noticed Pikel
  7205 | D:6      | Killed Pikel
  7206 | D:6      | Reached skill level 3 in Fighting
  7206 | D:6      | Reached skill level 3 in Shields
  7206 | D:6      | Reached skill level 4 in Spellcasting
  7206 | D:6      | Reached skill level 6 in Necromancy
  7599 | D:7      | Reached skill level 5 in Dodging
  7599 | D:7      | Reached skill level 7 in Stealth
  7685 | D:7      | Found Cudwyir's Gadget Boutique.
  7727 | D:7      | Reached skill level 4 in Short Blades
  7821 | D:7      | Learned a level 5 spell: Agony
  8501 | D:8      | Reached XP level 9. HP: 52/52 MP: 15/15
  8502 | D:8      | Reached ** piety under Dithmenos
  8595 | D:8      | Reached skill level 4 in Fighting
  8629 | D:8      | Found a radiant altar of Vehumet.
  8831 | D:8      | Reached skill level 4 in Shields
  9047 | D:8      | Reached skill level 8 in Stealth
  9073 | D:8      | Reached skill level 5 in Spellcasting
  9260 | D:8      | Found a broken altar of Ashenzari.
  9338 | D:8      | Reached *** piety under Dithmenos
  9341 | D:8      | Reached skill level 7 in Necromancy
  9547 | D:9      | Noticed a two-headed ogre
  9651 | D:8      | Reached skill level 6 in Dodging
  9787 | D:9      | Reached skill level 5 in Short Blades
 10032 | D:9      | Noticed a centaur warrior
 10104 | D:9      | Reached skill level 9 in Stealth
 10424 | D:9      | Noticed a two-headed ogre
 10489 | D:9      | Killed a two-headed ogre
 10490 | D:9      | Reached skill level 5 in Fighting
 10490 | D:9      | Reached XP level 10. HP: 11/59 MP: 0/18
 10806 | D:9      | Noticed a two-headed ogre
 10813 | D:9      | Killed a two-headed ogre
 10814 | D:9      | Reached skill level 6 in Short Blades
 10814 | D:9      | Reached skill level 7 in Dodging
 10837 | D:9      | Reached skill level 6 in Spellcasting
 10837 | D:9      | Reached skill level 8 in Necromancy
 10853 | D:9      | Killed a centaur warrior
 10854 | D:9      | Reached skill level 10 in Stealth
 10954 | D:9      | Killed a two-headed ogre
 11207 | D:10     | Entered Level 10 of the Dungeon
 11520 | D:10     | Noticed Nergalle
 11531 | D:10     | Killed Nergalle
 11582 | D:10     | Noticed a two-headed ogre
 11598 | D:10     | Noticed Erolcha
 11626 | D:10     | Killed a two-headed ogre
 11627 | D:10     | Reached skill level 6 in Fighting
 11627 | D:10     | Reached skill level 7 in Short Blades
 11627 | D:10     | Reached XP level 11. HP: 43/64 MP: 1/20
 11794 | D:10     | Reached skill level 8 in Dodging
 11806 | D:10     | Reached **** piety under Dithmenos
 11997 | D:10     | Killed Erolcha
 11998 | D:10     | Reached skill level 11 in Stealth
 12098 | D:10     | Found a staircase to the Orcish Mines.
 12270 | D:11     | Found a frozen archway.
 12272 | D:11     | Noticed an ice dragon
 12497 | D:11     | Killed an ice dragon
 12498 | D:11     | Reached skill level 7 in Spellcasting
 12498 | D:11     | Reached skill level 9 in Necromancy
 12802 | IceCv    | Entered an ice cave
 12965 | IceCv    | Found the +9 heavy crossbow "Sniper" {vorpal, Acc+∞ SInv}
 13598 | IceCv    | Reached skill level 8 in Short Blades
 13606 | IceCv    | Reached skill level 12 in Stealth
 13695 | IceCv    | Reached skill level 7 in Fighting
 13725 | IceCv    | Reached skill level 9 in Dodging
 14014 | IceCv    | Reached XP level 12. HP: 72/72 MP: 23/23
 14337 | IceCv    | Noticed a frost giant
 14337 | IceCv    | Noticed a death yak
 14377 | IceCv    | Demolished by a frost giant

Vanquished Creatures
  Erolcha (D:10)
  An ice dragon (D:11)
  A centaur warrior (D:9)
  4 two-headed ogres
  Nergalle (D:10)
  Pikel (D:6)
  A rime drake (D:11)
  14 polar bears
  2 trolls
  21 yaks
  An ice beast (D:9)
  2 sky beasts
  4 orc warriors
  9 wolves
  3 centaurs (D:9)
  5 ogres
  2 big kobolds
  3 bullfrogs
  A wyvern skeleton (D:6)
  2 scorpions
  15 wights
  4 jellies
  An electric eel (D:8)
  3 howler monkeys (D:9)
  A bullfrog zombie (D:5)
  3 quasits
  A centaur zombie (D:8)
  4 hounds
  3 centaur skeletons
  8 orc priests
  A bullfrog skeleton (D:9)
  Jessica (D:2)
  2 iguanas (D:8)
  2 worker ants
  17 orc wizards
  A hound zombie (D:5)
  Robin (D:4)
  A howler monkey skeleton (D:6)
  7 gnolls
  4 adders
  A shadow imp (D:6)
  6 white imps
  4 ufetubi
  An ooze (D:1)
  5 worms
  2 dart slugs
  3 leopard geckos
  53 orcs
  5 giant cockroaches
  9 goblins
  9 hobgoblins
  14 jackals
  19 kobolds
  5 quokkas
  A ball python (D:5)
  6 bats
  3 frilled lizards
  A leopard gecko zombie (D:7)
  A quokka skeleton (D:5)
  10 rats
317 creatures vanquished.

Vanquished Creatures (others)
  A polar bear (IceCv)
  7 wolves (IceCv)
8 creatures vanquished.

Grand Total: 325 creatures vanquished

Table legend: (Time is in decaauts)
 A = Elapsed time spent in this place.
 B = Non-inter-level travel time spent in this place.
 C = Inter-level travel time spent in this place.
 D = Time resting spent in this place.
 E = Time spent auto-exploring this place.
 F = Levels seen in this place.
 G = Mean time per level.
                   A        B        C        D        E       F      G
               +--------+--------+--------+--------+--------+-----+--------+
         Total |  14299 |  13840 |    459 |   2194 |   8569 |  13 | 1099.9 |
       Dungeon |  12721 |  12280 |    441 |   2016 |   7709 |  11 | 1156.5 |
        Temple |     38 |     20 |     18 |      0 |      9 |   1 |   38.0 |
      Ice Cave |   1538 |   1538 |      0 |    178 |    851 |   1 | 1538.0 |
               +--------+--------+--------+--------+--------+-----+--------+

Top non-repeatable levels by time:
     D:4: 2007 daAuts
     D:5: 1559 daAuts
   IceCv: 1538 daAuts
     D:8: 1426 daAuts
     D:9: 1358 daAuts
    D:10: 1264 daAuts
     D:6: 1188 daAuts
     D:3: 1014 daAuts
     D:7: 1004 daAuts
     D:1: 899 daAuts
     D:2: 778 daAuts
    D:11: 220 daAuts
  Temple: 38 daAuts

Table legend:
 A = Non-vault XP
 B = Vault XP
 C = Vault XP percentage of total XP
 D = Non-vault monster count
 E = Vault monster count
 F = Vault count percentage of total count
                 A         B        C        D         E       F
            +---------+---------+-------+---------+---------+-------
      Total |   11198 |   12744 |  53.2 |     254 |      63 |  19.9
            +---------+---------+-------+---------+---------+-------
        D:1 |      35 |       0 |   0.0 |      18 |       0 |   0.0
        D:2 |      37 |      37 |  50.0 |      17 |       1 |   5.6
        D:3 |      60 |       0 |   0.0 |      24 |       0 |   0.0
        D:4 |     369 |      30 |   7.5 |      17 |       8 |  32.0
        D:5 |     320 |      53 |  14.2 |      17 |       4 |  19.0
        D:6 |     567 |     593 |  51.1 |      28 |       1 |   3.4
        D:7 |     687 |       0 |   0.0 |      26 |       0 |   0.0
        D:8 |    1115 |       2 |   0.2 |      40 |       1 |   2.4
        D:9 |    5663 |       0 |   0.0 |      43 |       0 |   0.0
       D:10 |    2218 |    1987 |  47.3 |      22 |       3 |  12.0
       D:11 |     127 |    2362 |  94.9 |       2 |       7 |  77.8
      IceCv |       0 |    7680 | 100.0 |       0 |      38 | 100.0
            +---------+---------+-------+---------+---------+-------
